 Dungeon Crawl Stone Soup version 0.28.0-45-g0d030f2227 (webtiles) character file.

Game seed: 2216575541065445472

118 Ablot the Cutter (level 5, 0/47 HPs)
             Began as a Gnoll Chaos Knight on Apr 11, 2022.
             Was a Plaything of Xom.
             Slain by a gnoll
             ... wielding a +0 halberd
              (7 damage)
             ... on level 3 of the Dungeon.
             The game lasted 00:03:14 (1780 turns).

Ablot the Cutter (Gnoll Chaos Knight)               Turns: 1780, Time: 00:03:14

Health: 0/47       AC:  6    Str: 13    XL:     5   Next: 2%
Magic:  0/6        EV: 12    Int: 12    God:    Xom [..*...]
Gold:   132        SH:  0    Dex: 11    Spells: 6/6 levels left

rFire   . . .      SeeInvis .   a - +0 short sword (chaos)
rCold   . . .      Faith    .   (no shield)
rNeg    . . .      Spirit   +   b - +2 leather armour
rPois   .          Reflect  .   (no helmet)
rElec   .          Harm     .   (no cloak)
rCorr   .          Rampage  .   c - +0 pair of gloves
Will    .....                   (no boots)
Stlth   +.........              l - amulet of guardian spirit
HPRegen 0.15/turn               (no ring)
MPRegen 0.10/turn               (no ring)

@: no status effects
A: fangs 1, strong nose, distributed training
a: Renounce Religion


You were on level 3 of the Dungeon.
You worshipped Xom.
You were a toy of Xom.
You visited 1 branch of the dungeon, and saw 3 of its levels.

You collected 132 gold pieces.

Inventory:

Hand Weapons
 a - a +0 short sword of chaos (weapon)
Missiles
 h - 29 bolts
 i - 13 stones (quivered)
 k - 12 arrows
Armour
 b - a +2 leather armour (worn)
 c - a +0 pair of gloves (worn)
Jewellery
 l - an amulet of guardian spirit (around neck)
Scrolls
 g - a scroll of fear {unknown}
 o - a scroll of immolation {unknown}
Potions
 d - a potion of haste {unknown}
 e - 3 potions of might {unknown}
 f - 2 potions of ambrosia {unknown}
 j - a potion of degeneration {unknown}
 m - a potion of curing {unknown}
 n - a potion of attraction {unknown}


   Skills:
 + Level 6.6 Fighting
 + Level 6.6 Short Blades
 + Level 1.3 Long Blades
 + Level 1.3 Axes
 + Level 1.3 Maces & Flails
 + Level 1.3 Polearms
 + Level 1.3 Staves
 + Level 1.3 Slings
 + Level 1.3 Bows
 + Level 1.3 Crossbows
 + Level 1.3 Throwing
 + Level 4.7 Armour
 + Level 2.8 Dodging
 + Level 1.3 Stealth
 + Level 1.3 Shields
 + Level 1.3 Unarmed Combat
 + Level 1.3 Spellcasting
 + Level 1.0 Conjurations
 + Level 1.0 Hexes
 + Level 1.0 Summonings
 + Level 1.0 Necromancy
 + Level 1.0 Translocations
 + Level 1.0 Transmutations
 + Level 1.0 Fire Magic
 + Level 1.0 Ice Magic
 + Level 1.0 Air Magic
 + Level 1.0 Earth Magic
 + Level 1.0 Poison Magic
 + Level 1.4 Invocations
 + Level 1.3 Evocations


You had 6 spell levels left.
You didn't know any spells.
Your spell library contained the following spells:

 Spells                   Type           Power      Damage    Failure   Level
 Gell's Gravitas          Tloc           3%         N/A       56%         3
 Summon Guardian Golem    Hex/Summ       3%         N/A       56%         3
 Teleport Other           Tloc           3%         N/A       56%         3
 Dispersal                Tloc           1%         N/A       100%        6
 Orb of Destruction       Conj           1%         9d5       100%        7
 Spellforged Servitor     Conj/Summ      1%         N/A       100%        7


Dungeon Overview and Level Annotations

Branches:
Dungeon (3/15)

Altars:
Cheibriados


Innate Abilities, Weirdness & Mutations

You have very sharp teeth.
Your uncanny sense of smell can sniff out nearby items.
Your experience applies equally to all skills.


Message History

The gnoll hits you from afar with a +0 halberd.
* * * LOW HITPOINT WARNING * * *
The endoplasm jiggles.
The endoplasm freezes you.
You are frozen.
* * * LOW HITPOINT WARNING * * *
You barely miss the endoplasm. The gnoll barely misses you.
The endoplasm hits you but does no damage.
Unknown command.
You hit the endoplasm.
The endoplasm resists with significant effort.
You bite the endoplasm, but do no damage.
The endoplasm is moderately wounded.
The gnoll closely misses you.
Unknown command.
You hit the endoplasm but do no damage.
The endoplasm is moderately wounded.
The endoplasm barely misses you. The gnoll completely misses you.
Unknown command.
You hit the endoplasm. You burn the endoplasm.
You kill the endoplasm!
Unknown command.
The gnoll closely misses you. The gnoll barely misses you.
Things that are here:
a +0 flail; 10 gold pieces; a ball python corpse You closely miss the gnoll.
The gnoll barely misses you.
You hit the gnoll.
The gnoll is lightly wounded.
The gnoll barely misses you.
You hit the gnoll but do no damage.
The gnoll is lightly wounded.
You barely miss the gnoll. Your punch misses the gnoll.
You bite the gnoll, but do no damage.
The gnoll is lightly wounded.
The gnoll closely misses you.
You barely miss the gnoll.
The gnoll is lightly wounded.
The gnoll hits you with a +0 halberd!
You die...

##### .... #...# .....
#...#...... ## #######
#...#...... w ....##..g@.#
#...#......
#.......##.#####...#......
#..#.........)(...........
.........##.####......(...
###.##.#.##.####....).....
.. ..................†...
B
##.....#....###...........
#........................
#.............#...###...#


You could see a gnoll.

Vanquished Creatures
  3 adders (D:2)
  2 gnolls (D:3)
  2 worms
  3 dart slugs
  6 ball pythons
  5 endoplasms
  2 giant cockroaches
  6 hobgoblins
  4 jackals (D:2)
  8 kobolds
  5 quokkas
  5 bats
  A frilled lizard (D:2)
  2 goblins (D:2)
  8 rats
62 creatures vanquished.

Notes
Turn   | Place    | Note
-------+----------+-------------------------------------------
     0 | D:1      | Ablot the Gnoll Chaos Knight began the quest for the Orb.
     0 | D:1      | Reached XP level 1. HP: 23/23 MP: 1/1
    94 | D:1      | Found a faded altar of an unknown god.
   123 | D:1      | Reached XP level 2. HP: 29/29 MP: 2/2
   370 | D:1      | XOM: silly message
   446 | D:1      | Reached XP level 3. HP: 35/35 MP: 3/3
   852 | D:2      | XOM: noise
   857 | D:2      | Reached skill level 1 in Invocations
   882 | D:2      | Reached skill level 1 in Long Blades
   882 | D:2      | Reached skill level 1 in Axes
   882 | D:2      | Reached skill level 1 in Maces & Flails
   882 | D:2      | Reached skill level 1 in Polearms
   882 | D:2      | Reached skill level 1 in Staves
   882 | D:2      | Reached skill level 1 in Slings
   882 | D:2      | Reached skill level 1 in Bows
   882 | D:2      | Reached skill level 1 in Crossbows
   882 | D:2      | Reached skill level 1 in Throwing
   882 | D:2      | Reached skill level 1 in Stealth
   882 | D:2      | Reached skill level 1 in Shields
   882 | D:2      | Reached skill level 1 in Unarmed Combat
   882 | D:2      | Reached skill level 1 in Spellcasting
   882 | D:2      | Reached skill level 1 in Evocations
   907 | D:2      | XOM: silly message
   918 | D:2      | Reached XP level 4. HP: 19/41 MP: 5/5
   937 | D:2      | XOM: noise
   977 | D:2      | XOM: potion effect (curing)
  1185 | D:2      | XOM: silly message
  1231 | D:2      | Found a snail-covered altar of Cheibriados.
  1325 | D:2      | You fall into a shaft and drop 1 floor!
  1344 | D:3      | Reached skill level 1 in Conjurations
  1344 | D:3      | Reached skill level 1 in Hexes
  1344 | D:3      | Reached skill level 1 in Summonings
  1344 | D:3      | Reached skill level 1 in Necromancy
  1344 | D:3      | Reached skill level 1 in Translocations
  1344 | D:3      | Reached skill level 1 in Transmutations
  1344 | D:3      | Reached skill level 1 in Fire Magic
  1344 | D:3      | Reached skill level 1 in Ice Magic
  1344 | D:3      | Reached skill level 1 in Air Magic
  1344 | D:3      | Reached skill level 1 in Earth Magic
  1344 | D:3      | Reached skill level 1 in Poison Magic
  1429 | D:3      | XOM: silly message
  1547 | D:3      | XOM: divination: magic mapping
  1763 | D:3      | Reached XP level 5. HP: 10/47 MP: 2/6
  1764 | D:3      | XOM: divination: detect creatures
  1780 | D:3      | Slain by a gnoll

Illustrated notes

Levels and vault maps discovered:
D:1:      minmay_arrival_diagonal_passages, layout_loops_ring,
          basic_ecumenical_altar
D:2:      layout_loops_ring, basic_altar
D:3:      layout_basic, lightli_sewer_entry_pipes, uniq_ijyb, uniq_natasha

Skill      XL: |  1  2  3  4 |
---------------+-------------+-----
Invocations    | 1 |  1.4
Long Blades    | 1 |  1.3
Axes           | 1 |  1.3
Maces & Flails | 1 |  1.3
Polearms       | 1 |  1.3
Staves         | 1 |  1.3
Slings         | 1 |  1.3
Bows           | 1 |  1.3
Crossbows      | 1 |  1.3
Throwing       | 1 |  1.3
Stealth        | 1 |  1.3
Shields        | 1 |  1.3
Unarmed Combat | 1 |  1.3
Spellcasting   | 1 |  1.3
Evocations     | 1 |  1.3
Conjurations   | 1 |  1.0
Hexes          | 1 |  1.0
Summonings     | 1 |  1.0
Necromancy     | 1 |  1.0
Translocations | 1 |  1.0
Transmutations | 1 |  1.0
Fire Magic     | 1 |  1.0
Ice Magic      | 1 |  1.0
Air Magic      | 1 |  1.0
Earth Magic    | 1 |  1.0
Poison Magic   | 1 |  1.0
Fighting       | |  6.6
Short Blades   | |  6.6
Armour         | |  4.7
Dodging        | |  2.8

Action                   |  1- 3 |  4- 6 || total
-------------------------+-------+-------++-------
Melee: Short sword       |    91 |   126 ||   217
       Bite              |     5 |    17 ||    22
       Punch             |     2 |     1 ||     3
Throw: Stone             |       |     1 ||     1
 Stab: Sleeping          |     1 |       ||     1
Armor: Leather armour    |    27 |    30 ||    57
Dodge: Dodged            |    38 |    68 ||   106
